[Event "ETCC Women 2013"]
[Site "Warsaw"]
[Date "2013.11.14"]
[Round "6"]
[White "Abdulla, Khayala"]
[Black "Daulyte, Deimante"]
[Result "1/2-1/2"]
[ECO "B32"]
[WhiteElo "2255"]
[BlackElo "2336"]
[PlyCount "83"]
[EventDate "2013.??.??"]
[EventCountry "POL"]
[WhiteTeam "Azerbaijan"]
[BlackTeam "Lithuania"]
[WhiteTeamCountry "AZE"]
[BlackTeamCountry "LTU"]
[TimeControl "40/5400+30:1800+30"]

1. e4 c5 2. Nf3 Nc6 3. d4 cxd4 4. Nxd4 e5 5. Nb5 d6 6. N1c3 a6 7. Na3 Be7 8.
Nd5 Nf6 9. Nxf6+ Bxf6 10. Nc4 O-O 11. Be3 Nd4 12. c3 b5 13.
cxd4 bxc4 14. d5 Bg5 15. Qd2 Bxe3 16. Qxe3 Rb8 17. Bxc4 Rxb2 18.
O-O Rb4 19. Rfc1 f5 20. exf5 Bxf5 21. Bxa6 Re4 22. Qb3 Rf4 23. f3 e4 24. Be2 Qg5 25. fxe4 Rxe4 26. Bf3 Rh4 27. Rc4 Rh3 28. Re1 Bd3 29. Qxd3 Rhxf3 30. Qe4 Rf2 31. Rc8 Qxg2+ 32. Qxg2 Rxg2+ 33.
Kxg2 Rxc8 34. Re6 Rc2+ 35. Kg3 Rxa2 36. Rxd6 Kf7 37. Rd7+ Kf6 38. Rd6+ Ke7 39. Re6+ Kf7 40. Rb6 Rd2 41. Rb7+ Kf6 42. Rb6+ 1/2-1/2

[Event "ETCC Women 2013"]
[Site "Warsaw"]
[Date "2013.11.14"]
[Round "6"]
[White "Alexandrova, Olga"]
[Black "Danielian, Elina"]
[Result "0-1"]
[ECO "E52"]
[WhiteElo "2427"]
[BlackElo "2457"]
[PlyCount "156"]
[EventDate "2013.??.??"]
[EventCountry "POL"]
[WhiteTeam "Spain"]
[BlackTeam "Armenia"]
[WhiteTeamCountry "ESP"]
[BlackTeamCountry "ARM"]
[TimeControl "40/5400+30:1800+30"]

1. d4 Nf6 2. c4 e6 3. Nc3 Bb4 4. e3 O-O 5. Bd3 d5 6. Nf3 b6 7. O-O Bb7 8.
cxd5 exd5 9. Qc2 Nbd7 10. a3 Bxc3 11. Qxc3 c5 12. dxc5 Rc8 13. b4 bxc5 14. bxc5 Nxc5 15. Rb1 d4 16. Nxd4 Nxd3 17. Qxd3 Be4 18. Qb3 Bxb1 19. Qxb1 Rb8 20. Qd3 Qd5 21. Qa6 Rb1 22. Bd2 Rxf1+ 23. Kxf1 Qd7 24. Qc6 Qg4 25. Be1 h6 26. Qb7 Qd1 27. Qxa7 Ne4 28.
Nf3 Rd8 29. Qa6 Qb1 30. Nd4 Rb8 31. f3 Nc5 32. Qc4 Nd3 33. Nc2 Qd1 34. Qc3 Nb2 35. Qd2 Qb1 36. Nb4 Nc4 37. Qc3 Rc8 38. Kf2 Nd6 39. Qd2 Nf5 40. e4 Nh4 41. Kg3 Ng6 42. Bf2 Qa1 43. Bd4 Qxa3 44. Qb2 Qa5 45.
Nd5 Qd8 46. h3 Qd6+ 47. Kf2 f6 48. Qb3 Kh8 49. g3 Ne7 50. Be3 Nxd5 51. exd5 Qe5 52. Bf4 Qf5 53. h4 Rc2+ 54. Ke3 Rc8 55. Qd3 Re8+ 56. Kd2 Qd7 57. d6 Qe6 58. Be3 Qa2+ 59. Kd1 Rb8 60. Bd2 Qa4+ 61. Ke2 Qd7 62. Bf4 Re8+ 63. Kd2 Ra8 64. g4 Ra2+ 65. Ke1 g5 66. hxg5 hxg5 67.
Bd2 Kg7 68. Kf2 Qa7+ 69. Ke2 Ra3 70. Qe4 Qa6+ 71. Kf2 Qxd6 72. Qb7+ Kh6 73. Qb2 Qh2+ 74. Ke1 Qh1+ 75. Ke2 Qxf3+ 76. Ke1 Qh1+ 77. Ke2 Qg2+ 78. Ke1 Ra1+ 0-1

[Event "ETCC Women 2013"]
[Site "Warsaw"]
[Date "2013.11.14"]
[Round "6"]
[White "Barbier, Wiebke"]
[Black "Makropoulou, Marina"]
[Result "1-0"]
[ECO "C44"]
[WhiteElo "1945"]
[BlackElo "2234"]
[PlyCount "99"]
[EventDate "2013.??.??"]
[EventCountry "POL"]
[WhiteTeam "Belgium"]
[BlackTeam "Greece"]
[WhiteTeamCountry "BEL"]
[BlackTeamCountry "GRE"]
[TimeControl "40/5400+30:1800+30"]

1. e4 e5 2. Nf3 Nc6 3. d3 Nf6 4. Be2 d5 5. Nbd2 Be7 6. O-O O-O 7. c3 a5 8. b3 Re8 9. Bb2 Bf8 10. a3 b6 11. Re1 h6 12. Bf1 Bb7 13. Qc2 Qd7 14. h3 Rad8 15. b4 dxe4 16. Nxe4 Nh5 17. b5 Nb8 18. c4 f6 19. d4 f5 20. Ned2 e4 21. Ne5 Rxe5 22. dxe5 Qxd2 23. Qxd2 Rxd2 24. Bc1 Rc2 25. g4 Bc5 26. Be3 fxg4 27. Rad1 g3 28. Rd8+ Kf7 29. fxg3 Nc6 30. Rd7+ Ne7 31. Bxc5 bxc5 32. Rxc7 Bc8 33. Re3 Ke8 34. Rxc5 Kd8 35. Be2 Nxg3 36. Rxg3 Rxe2 37. Rxg7 Bxh3 38. b6 Bd7 39. Rxa5 Rb2 40. Ra8+ Bc8 41. c5 e3 42. Kf1 h5 43. Rxe7 Kxe7 44. Rxc8 Ke6 45. c6 Rxb6 46. Re8+ Kd5 47. c7 Rb1+ 48. Ke2 Ke4 49. c8=Q Rb2+ 50. Kd1 1-0

[Event "ETCC Women 2013"]
[Site "Warsaw"]
[Date "2013.11.14"]
[Round "6"]
[White "Bulmaga, Irina"]
[Black "Hoang, Thanh Trang"]
[Result "0-1"]
[ECO "C11"]
[WhiteElo "2399"]
[BlackElo "2511"]
[PlyCount "72"]
[EventDate "2013.??.??"]
[EventCountry "POL"]
[WhiteTeam "Romania"]
[BlackTeam "Hungary"]
[WhiteTeamCountry "ROU"]
[BlackTeamCountry "HUN"]
[TimeControl "40/5400+30:1800+30"]

1. e4 e6 2. d4 d5 3. Nc3 Nf6 4. e5 Nfd7 5. f4 c5 6. Nf3 Nc6 7. Be3 cxd4 8.
Nxd4 Bc5 9. Qd2 O-O 10. O-O-O a6 11. Kb1 Nxd4 12. Bxd4 b5 13. h4 b4 14. Na4 Bxd4 15. Qxd4 Qa5 16. b3 Bb7 17. Rh3 Bc6 18. Nb2 Qc5 19. a4 a5 20.
Qd2 Rac8 21. Rg3 f6 22. Bd3 Qe7 23. Qe3 Nc5 24. exf6 Rxf6 25. Rg5 h6 26. Re5 Nd7 27. Qg3 Nxe5 28. fxe5 Qc7 29. Re1 Be8 30. Qh3 Rf2 31. Qxe6+ Bf7 32. Qg4 h5 33. Qg3 Rxc2 34. Bxc2 Qxc2+ 35. Ka1 Rc3 36. Re3 Qc1+ 0-1

[Event "ETCC Women 2013"]
[Site "Warsaw"]
[Date "2013.11.14"]
[Round "6"]
[White "Ciuksyte, Dagne"]
[Black "Seps, Monika"]
[Result "0-1"]
[ECO "B32"]
[WhiteElo "2355"]
[BlackElo "2260"]
[PlyCount "82"]
[EventDate "2013.??.??"]
[EventCountry "POL"]
[WhiteTeam "England"]
[BlackTeam "Switzerland"]
[WhiteTeamCountry "ENG"]
[BlackTeamCountry "SUI"]
[TimeControl "40/5400+30:1800+30"]

1. e4 c5 2. Nf3 Nc6 3. d4 cxd4 4. Nxd4 e5 5. Nb5 d6 6. c4 Be7 7. N1c3 a6 8.
Na3 f5 9. exf5 Bxf5 10. Bd3 Be6 11. O-O Nf6 12. Nc2 O-O 13. Bg5 Qd7 14. Qe2 Rae8 15. Rad1 Bg4 16. f3 Be6 17. Ne4 Nxe4 18. Bxe7 Nc3 19. bxc3 Nxe7 20. Be4 Qc7 21. Ne3 Qc5 22. Kh1 b5 23. cxb5 d5 24. Bd3 axb5 25. Bxb5 Rb8 26. c4 d4 27. Nc2 Rxb5 28. cxb5 Bc4 29. Qe4 Bxf1 30. Rxf1 Qxb5 31. Rd1 Ng6 32. g3 Qa4 33. Qd5+ Kh8 34. Rd2 Rc8 35. Ne1 Qb4 36. Rd1 Qb2 37. f4 Qe2 38. Qf3 Qxa2 39. fxe5 Rf8 40. Qg2 Rf2 41. Rxd4 h6 0-1

[Event "ETCC Women 2013"]
[Site "Warsaw"]
[Date "2013.11.14"]
[Round "6"]
[White "Cmilyte, Viktorija"]
[Black "Mamedjarova, Zeinab"]
[Result "1-0"]
[ECO "D31"]
[WhiteElo "2506"]
[BlackElo "2236"]
[PlyCount "69"]
[EventDate "2013.??.??"]
[EventCountry "POL"]
[WhiteTeam "Lithuania"]
[BlackTeam "Azerbaijan"]
[WhiteTeamCountry "LTU"]
[BlackTeamCountry "AZE"]
[TimeControl "40/5400+30:1800+30"]

1. d4 d5 2. c4 e6 3. Nc3 c6 4. Nf3 f5 5. Bf4 Nf6 6. e3 Be7 7. Bd3 O-O 8.
Qc2 Bd7 9. h3 Na6 10. a3 Nc7 11. g4 dxc4 12. Bxc4 Ncd5 13. Be5 b5 14. Bd3 b4 15. Nxd5 Nxd5 16. gxf5 exf5 17. Rg1 Rf7 18. e4 fxe4 19. Bxe4 bxa3 20. Bxh7+ Kf8 21. Rxg7 Bb4+ 22. Kf1 Bxh3+ 23.
Kg1 Rxg7+ 24. Bxg7+ Kxg7 25. Qg6+ Kf8 26. Qh6+ Ke7 27. Ne5 Qe8 28. bxa3 Bc3 29. Rb1 Qc8 30. Nxc6+ Kd7 31. Ne5+ Ke7 32. Rb7+ Nc7 33. Qg7+ Kd6 34. Nc4+ Kd5 35. Qe5+ 1-0

[Event "ETCC Women 2013"]
[Site "Warsaw"]
[Date "2013.11.14"]
[Round "6"]
[White "Cosma, Elena-Luminita"]
[Black "Gara, Anita"]
[Result "1-0"]
[ECO "D34"]
[WhiteElo "2326"]
[BlackElo "2311"]
[PlyCount "95"]
[EventDate "2013.??.??"]
[EventCountry "POL"]
[WhiteTeam "Romania"]
[BlackTeam "Hungary"]
[WhiteTeamCountry "ROU"]
[BlackTeamCountry "HUN"]
[TimeControl "40/5400+30:1800+30"]

1. d4 d5 2. c4 e6 3. Nf3 c5 4. cxd5 exd5 5. g3 Nc6 6. Bg2 Nf6 7. O-O Be7 8. Nc3 O-O 9. dxc5 Bxc5 10. Na4 Be7 11. Be3 Re8 12. Rc1 h6 13.
Nd4 Qa5 14. Nc3 Be6 15. Qa4 Qxa4 16. Nxa4 Nxd4 17. Bxd4 Rac8 18.
Rxc8 Rxc8 19. Nc3 b6 20. Rd1 Ne4 21. Nxe4 dxe4 22. Bxe4 Bxa2 23.
Ra1 Be6 24. Rxa7 Bc5 25. Bxc5 bxc5 26. f4 f5 27. Bf3 Rb8 28. Rb7 Rxb7 29. Bxb7 Kf7 30. Kf2 Bc4 31. Kf3 Kf6 32. e4 fxe4+ 33. Kxe4 Bf1 34. Bc8 Bg2+ 35. Kd3 Bd5 36. Ke3 Bg2 37. g4 Bd5 38. h4 Bg2 39. g5+ hxg5 40.
hxg5+ Kg6 41. Be6 Kh5 42. Kf2 Be4 43. Kg3 Kg6 44. Kg4 Bc2 45.
f5+ Kh7 46. Kf4 Kh8 47. Ke5 Bd3 48. b3 1-0

[Event "ETCC Women 2013"]
[Site "Warsaw"]
[Date "2013.11.14"]
[Round "6"]
[White "De Seroux, Camille"]
[Black "Bhatia, Kanwal K"]
[Result "0-1"]
[ECO "C44"]
[WhiteElo "2066"]
[BlackElo "2039"]
[PlyCount "60"]
[EventDate "2013.??.??"]
[EventCountry "POL"]
[WhiteTeam "Switzerland"]
[BlackTeam "England"]
[WhiteTeamCountry "SUI"]
[BlackTeamCountry "ENG"]
[TimeControl "40/5400+30:1800+30"]

1. e4 e5 2. Nf3 Nc6 3. d4 exd4 4. Nxd4 Qf6 5. Nb5 Bc5 6. Qf3 Qxf3 7. gxf3 Bb6 8. Be3 Kd8 9. N1c3 Nge7 10. Rg1 Bxe3 11. fxe3 g6 12. Rd1 d6 13. f4 a6 14. Nd4 Nxd4 15. Rxd4 Bd7 16. Rd2 Kc8 17. Kf2 Re8 18. Bg2 Bc6 19. Bf3 Kb8 20. Ne2 Ng8 21. Rd4 Nf6 22. Nc3 Ka7 23.
Nd5 Bxd5 24. exd5 Re7 25. e4 Rae8 26. Re1 b5 27. Bg2 Ng4+ 28.
Kg3 f5 29. Rc1 Ne3 30. exf5 Nxf5+ 0-1

[Event "ETCC Women 2013"]
[Site "Warsaw"]
[Date "2013.11.14"]
[Round "6"]
[White "Dzagnidze, Nana"]
[Black "Lagno, Kateryna"]
[Result "1-0"]
[ECO "D82"]
[WhiteElo "2556"]
[BlackElo "2542"]
[PlyCount "103"]
[EventDate "2013.??.??"]
[EventCountry "POL"]
[WhiteTeam "Georgia"]
[BlackTeam "Ukraine"]
[WhiteTeamCountry "GEO"]
[BlackTeamCountry "UKR"]
[TimeControl "40/5400+30:1800+30"]

1. d4 Nf6 2. c4 g6 3. Nc3 d5 4. Bf4 Bg7 5. e3 c5 6. dxc5 Qa5 7. Rc1 dxc4 8.
Bxc4 O-O 9. Nf3 Qxc5 10. Bb3 Nc6 11. O-O Qa5 12. h3 Bf5 13. Bc4 Rad8 14. Qb3 Qb4 15. Rcd1 Qxb3 16. Bxb3 Rxd1 17. Rxd1 Rd8 18. Rxd8+ Nxd8 19. Bc7 Ne6 20. Bb8 Nc5 21. Bxa7 Nxb3 22. axb3 Nd7 23. Bd4 e5 24. Ba7 Bf8 25. Kf1 Be6 26. Nd2 Bc5 27. Bxc5 Nxc5 28. Nce4 Nd3 29. Nd6 Bd5 30. N2c4 f6 31. Na5 b6 32. Nac4 Bxc4 33. Nxc4 b5 34. Nd6 b4 35. Ke2 Nc5 36. f3 Kf8 37. Ne4 Nd7 38. Kd3 f5 39. Nd2 Nb6 40.
Nc4 Nd7 41. Na5 Ke7 42. Kc4 Kd6 43. Kxb4 Kd5 44. Nc4 g5 45. Kc3 e4 46. f4 Nc5 47. fxg5 Ne6 48. h4 f4 49. exf4 Nxf4 50. Ne3+ Ke5 51. b4 Ne2+ 52. Kc4 1-0

[Event "ETCC Women 2013"]
[Site "Warsaw"]
[Date "2013.11.14"]
[Round "6"]
[White "Efroimski, Marsel"]
[Black "Dolzhikova, Olga"]
[Result "1-0"]
[ECO "C42"]
[WhiteElo "2313"]
[BlackElo "2198"]
[PlyCount "73"]
[EventDate "2013.??.??"]
[EventCountry "POL"]
[WhiteTeam "Israel"]
[BlackTeam "Norway"]
[WhiteTeamCountry "ISR"]
[BlackTeamCountry "NOR"]
[TimeControl "40/5400+30:1800+30"]

1. e4 e5 2. Nf3 Nf6 3. Nc3 Bb4 4. Nxe5 O-O 5. Nd3 Bxc3 6. dxc3 Nxe4 7. Nf4 Re8 8. Be2 d6 9. O-O Nd7 10. c4 Ndf6 11. f3 Nc5 12. Rf2 Qe7 13.
Qd4 Bf5 14. b3 Bxc2 15. Bb2 Qe5 16. Bf1 Bg6 17. Qd2 Qe7 18. Re2 Qd8 19. Rae1 Rxe2 20. Qxe2 Nh5 21. Nd5 c6 22. Nc7 Rc8 23. Qe8+ Qxe8 24. Rxe8+ Rxe8 25. Nxe8 d5 26. cxd5 cxd5 27. b4 Ne6 28. Nd6 b6 29. Nc8 d4 30. Nxa7 Nhf4 31. Nc8 Nd5 32. a3 Bc2 33. Bc4 d3 34. Bc1 Nc3 35.
Kf2 Nb1 36. Ke3 Nd8 37. Bxd3 1-0

[Event "ETCC Women 2013"]
[Site "Warsaw"]
[Date "2013.11.14"]
[Round "6"]
[White "Exler, Veronika"]
[Black "Orehek, Spela"]
[Result "1-0"]
[ECO "A41"]
[WhiteElo "2147"]
[BlackElo "2026"]
[PlyCount "81"]
[EventDate "2013.??.??"]
[EventCountry "POL"]
[WhiteTeam "Austria"]
[BlackTeam "Slovenia"]
[WhiteTeamCountry "AUT"]
[BlackTeamCountry "SLO"]
[TimeControl "40/5400+30:1800+30"]

1. d4 d6 2. Nf3 g6 3. c4 Bg7 4. Nc3 Nd7 5. e4 Ngf6 6. Be2 O-O 7. O-O e5 8. Be3 Qe7 9. d5 Nh5 10. Ne1 Nf4 11. Nd3 Nxd3 12. Qxd3 f5 13. f3 f4 14. Bf2 Nf6 15. Rac1 g5 16. c5 Ne8 17. Nb5 a6 18. Qa3 h5 19. Na7 Bd7 20.
c6 bxc6 21. Nxc6 Qf6 22. h3 Rf7 23. Qb3 Bf8 24. Qb7 Rc8 25. Nb8 Rxb8 26. Qxb8 g4 27. fxg4 hxg4 28. Bxg4 Bxg4 29. hxg4 Qe7 30. Rc3 Rg7 31. Qc8 Rg6 32. Rh3 Nf6 33. Bh4 Qf7 34. Bxf6 Rxf6 35. Rc3 c5 36. dxc6 Qa7+ 37. Rf2 Rh6 38. Qb7 Qd4 39. Qb3+ Kg7 40. Qc2 f3 41. Rcxf3 1-0

[Event "ETCC Women 2013"]
[Site "Warsaw"]
[Date "2013.11.14"]
[Round "6"]
[White "Fakhiridou, Ekaterini"]
[Black "Degrande, Marigje"]
[Result "1-0"]
[ECO "B08"]
[WhiteElo "2168"]
[BlackElo "1867"]
[PlyCount "67"]
[EventDate "2013.??.??"]
[EventCountry "POL"]
[WhiteTeam "Greece"]
[BlackTeam "Belgium"]
[WhiteTeamCountry "GRE"]
[BlackTeamCountry "BEL"]
[TimeControl "40/5400+30:1800+30"]

1. e4 d6 2. d4 g6 3. Nc3 Bg7 4. Nf3 Nf6 5. h3 c6 6. Be3 Qc7 7. Qd2 O-O 8.
Bh6 e5 9. Bxg7 Kxg7 10. O-O-O b5 11. dxe5 dxe5 12. Qe3 Nbd7 13.
g4 b4 14. Nb1 a5 15. Nfd2 Nb6 16. Nc4 Nxc4 17. Bxc4 Qe7 18. f3 Be6 19. Qe2 a4 20. h4 h5 21. g5 Nd7 22. Bxe6 Qxe6 23. Qd2 Rfd8 24. Qxb4 Rdb8 25. Qa3 Nb6 26. Rd6 Qe8 27. Qc3 Kg8 28. Rhd1 Rc8 29. Na3 Rab8 30. Nc4 Nxc4 31. Qxc4 c5 32. Rxg6+ Kh7 33. Rgd6 Rb4 34. Qa6 1-0

[Event "ETCC Women 2013"]
[Site "Warsaw"]
[Date "2013.11.14"]
[Round "6"]
[White "Franciskovic, Borka"]
[Black "Ziaziulkina, Nastassia"]
[Result "1/2-1/2"]
[ECO "A06"]
[WhiteElo "2263"]
[BlackElo "2350"]
[PlyCount "82"]
[EventDate "2013.??.??"]
[EventCountry "POL"]
[WhiteTeam "Croatia"]
[BlackTeam "Belarus"]
[WhiteTeamCountry "CRO"]
[BlackTeamCountry "BLR"]
[TimeControl "40/5400+30:1800+30"]

1. Nf3 d5 2. g3 Nf6 3. Bg2 c6 4. O-O Bf5 5. d3 e6 6. c4 dxc4 7. dxc4 Qxd1 8.
Rxd1 Nbd7 9. Nc3 h6 10. Be3 Bc5 11. Bxc5 Nxc5 12. Nd4 O-O-O 13.
Nxf5 exf5 14. Bh3 g6 15. f3 Kc7 16. Kf2 a5 17. b3 Rhe8 18. Rxd8 Rxd8 19. Rd1 Rxd1 20. Nxd1 Kd6 21. Ke3 Nfd7 22. Kd2 b5 23. cxb5 cxb5 24. Nb2 Ne5 25. Bg2 Nc6 26. Nd1 a4 27. Nc3 axb3 28. Nxb5+ Kd7 29. axb3 Nxb3+ 30. Ke3 Nb4 31. Nc3 Kd6 32. f4 Kc5 33. Kf2 Kd4 34. Nb5+ Kc5 35. Nc3 Kd4 36. Nb5+ Kc5 37. Nc3 Kd4 38. Nb5+ Kc5 39. Nc3 Kc4 40. Na4 Kb5 41. Nc3+ Kc4 1/2-1/2

[Event "ETCC Women 2013"]
[Site "Warsaw"]
[Date "2013.11.14"]
[Round "6"]
[White "Gara, Ticia"]
[Black "L'Ami, Alina"]
[Result "1/2-1/2"]
[ECO "B52"]
[WhiteElo "2350"]
[BlackElo "2361"]
[PlyCount "79"]
[EventDate "2013.??.??"]
[EventCountry "POL"]
[WhiteTeam "Hungary"]
[BlackTeam "Romania"]
[WhiteTeamCountry "HUN"]
[BlackTeamCountry "ROU"]
[TimeControl "40/5400+30:1800+30"]

1. e4 c5 2. Nf3 d6 3. Bb5+ Bd7 4. Bxd7+ Qxd7 5. c4 Nf6 6. Nc3 g6 7. d4 cxd4 8. Nxd4 Bg7 9. f3 O-O 10. Be3 Rc8 11. b3 a6 12. a4 Qd8 13.
O-O Nc6 14. Qd2 Qa5 15. Nde2 e6 16. Rfd1 Rd8 17. Rab1 Rd7 18.
Qe1 d5 19. exd5 exd5 20. Nxd5 Qxe1+ 21. Rxe1 Nxd5 22. cxd5 Nb4 23. Red1 Re8 24. Bc5 Nxd5 25. Nf4 Red8 26. Nxd5 Rxd5 27. Rxd5 Rxd5 28. Be3 Be5 29. f4 Rd3 30. Kf2 Bd4 31. Bxd4 Rxd4 32. Ke3 Rb4 33. g3 f5 34. Kd3 Kf7 35. Kc3 Re4 36. Kd3 Rb4 37. Kc3 Re4 38.
Kd3 Rb4 39. Kc3 Re4 40. Kd3 1/2-1/2

[Event "ETCC Women 2013"]
[Site "Warsaw"]
[Date "2013.11.14"]
[Round "6"]
[White "Goryachkina, Aleksandra"]
[Black "Szczepkowska-Horowska, Karina"]
[Result "1/2-1/2"]
[ECO "A53"]
[WhiteElo "2438"]
[BlackElo "2382"]
[PlyCount "171"]
[EventDate "2013.??.??"]
[EventCountry "POL"]
[WhiteTeam "Russia"]
[BlackTeam "Poland"]
[WhiteTeamCountry "RUS"]
[BlackTeamCountry "POL"]
[TimeControl "40/5400+30:1800+30"]

1. d4 Nf6 2. c4 d6 3. Nc3 Nbd7 4. e4 e5 5. Nf3 g6 6. Be2 Bg7 7. Be3 O-O 8. d5 Re8 9. Nd2 Nc5 10. b4 Na6 11. a3 c5 12. dxc6 bxc6 13. Nb3 Be6 14. Na5 c5 15.
Nc6 Qd7 16. b5 Nb8 17. Nxb8 Raxb8 18. O-O Rf8 19. Qd2 Ne8 20.
Rfd1 Qb7 21. Rab1 f5 22. exf5 gxf5 23. f3 Qf7 24. Nd5 Bxd5 25.
Qxd5 Qxd5 26. Rxd5 Rf6 27. a4 Bf8 28. Rdd1 Nc7 29. g4 Ne6 30.
Rf1 Bh6 31. Bxh6 Rxh6 32. gxf5 Nf4 33. Bd1 Kf7 34. Kf2 Rxh2+ 35. Ke3 d5 36. cxd5 Nxd5+ 37. Kd3 c4+ 38. Kxc4 Ne3+ 39. Kb4 Nxf1 40. Bb3+ Kf6 41. Rxf1 Kxf5 42. Rc1 Rb7 43. Bd5 Rd7 44. Be4+ Kf4 45.
a5 h5 46. Rc8 h4 47. Rf8+ Ke3 48. Rh8 Kd4 49. Kb3 h3 50. b6 axb6 51. a6 Ra7 52. Bb7 Rh1 53. Kb2 h2 54. Rh3 b5 55. Ka2 Rg1 56. Rxh2 Rg7 57.
Kb3 Raxb7 58. axb7 Rxb7 59. Rh4+ Kc5 60. Re4 Kd5 61. Kb4 Rc7 62. Re1 Rf7 63. Re3 Rb7 64. Re4 Rb8 65. Re1 Rf8 66. Re3 Rf4+ 67.
Kxb5 Rd4 68. Kb6 Rc4 69. Kb5 Rd4 70. Kb6 Ke6 71. Kc5 Kf5 72. Rb3 Kf4 73. Ra3 Rd8 74. Rb3 Kf5 75. Re3 Rd1 76. Kc4 Ra1 77. Kd5 Rd1+ 78. Kc5 Rd2 79. Kc4 Rd4+ 80. Kc5 Ke6 81. Re4 Rd5+ 82. Kc4 Ra5 83. Kb4 Ra8 84. f4 Kf5 85. Rxe5+ Kxf4 86. Rd5 1/2-1/2

[Event "ETCC Women 2013"]
[Site "Warsaw"]
[Date "2013.11.14"]
[Round "6"]
[White "Grigoryan, Meri"]
[Black "Stoeri, Laura"]
[Result "1-0"]
[ECO "A45"]
[WhiteElo "2039"]
[BlackElo "2102"]
[PlyCount "83"]
[EventDate "2013.??.??"]
[EventCountry "POL"]
[WhiteTeam "England"]
[BlackTeam "Switzerland"]
[WhiteTeamCountry "ENG"]
[BlackTeamCountry "SUI"]
[TimeControl "40/5400+30:1800+30"]

1. d4 Nf6 2. Nc3 c5 3. d5 d6 4. e4 g6 5. Nf3 Bg7 6. a4 O-O 7. Bc4 Nbd7 8.
Bg5 Ng4 9. Qd2 Nge5 10. Be2 Nxf3+ 11. gxf3 Re8 12. h4 a6 13. h5 Qa5 14. hxg6 fxg6 15. Bh6 Bh8 16. f4 Qb4 17. Bg4 Nf8 18. Bxc8 Raxc8 19. O-O-O Bxc3 20. Qxc3 Qxc3 21. bxc3 Nd7 22. a5 c4 23. Rdg1 Kf7 24. Bg5 Rh8 25. Kd2 h5 26. Rb1 Rc7 27. Rb4 Rb8 28. Rhb1 Nf6 29. f3 Nh7 30.
Bh4 Nf6 31. Ke3 Nd7 32. Kd4 Nc5 33. e5 dxe5+ 34. fxe5 Rbc8 35. Rb6 Rg8 36. f4 Rd8 37. d6 Ne6+ 38. Ke3 Rc5 39. Rxb7 Re8 40. Bxe7 Kg8 41. Rg1 Kh7 42. Bf6+ 1-0

[Event "ETCC Women 2013"]
[Site "Warsaw"]
[Date "2013.11.14"]
[Round "6"]
[White "Gronnestad, Anita"]
[Black "Klinova, Masha"]
[Result "0-1"]
[ECO "A26"]
[WhiteElo "1958"]
[BlackElo "2291"]
[PlyCount "62"]
[EventDate "2013.??.??"]
[EventCountry "POL"]
[WhiteTeam "Norway"]
[BlackTeam "Israel"]
[WhiteTeamCountry "NOR"]
[BlackTeamCountry "ISR"]
[TimeControl "40/5400+30:1800+30"]

1. c4 e5 2. g3 Nc6 3. Bg2 g6 4. Nc3 Bg7 5. d3 d6 6. e4 f5 7. Nge2 Nf6 8. O-O O-O 9. Nd5 Be6 10. Bg5 Qd7 11. Qd2 Rae8 12. Rac1 Nh5 13. f3 Nd4 14. Nxd4 exd4 15. exf5 gxf5 16. f4 c6 17. Nb4 Bf7 18. Nc2 h6 19. Bh4 c5 20. g4 fxg4 21. f5 Kh7 22. f6 Bh8 23. Rce1 Bg6 24. Re7+ Rxe7 25. fxe7 Rxf1+ 26. Kxf1 Bf6 27. Bxf6 Nxf6 28. Ne1 Qxe7 29. Qf4 Kg7 30. a3 b6 31. Kf2 Qe5 0-1

[Event "ETCC Women 2013"]
[Site "Warsaw"]
[Date "2013.11.14"]
[Round "6"]
[White "Gueci, Tea"]
[Black "Benmesbah, Natacha"]
[Result "1/2-1/2"]
[ECO "B32"]
[WhiteElo "2056"]
[BlackElo "2248"]
[PlyCount "90"]
[EventDate "2013.??.??"]
[EventCountry "POL"]
[WhiteTeam "Italy"]
[BlackTeam "France"]
[WhiteTeamCountry "ITA"]
[BlackTeamCountry "FRA"]
[TimeControl "40/5400+30:1800+30"]

1. e4 c5 2. Nf3 Nc6 3. d4 cxd4 4. Nxd4 e5 5. Nb5 d6 6. N1c3 a6 7. Na3 Be7 8.
Nc4 b5 9. Ne3 Nf6 10. Ned5 O-O 11. Nxf6+ Bxf6 12. Nd5 Be6 13.
Be3 Be7 14. Be2 Rc8 15. c3 Bxd5 16. Qxd5 Qd7 17. O-O h6 18. a4 Bg5 19. Bxg5 hxg5 20. axb5 Ne7 21. Qd2 axb5 22. Rfd1 Ng6 23. Qxd6 Qb7 24. Qb4 Nf4 25. Bf1 g4 26. Ra5 Rcd8 27. Rda1 Ra8 28. Rxa8 Rxa8 29. Rxa8+ Qxa8 30. Qxb5 Qxe4 31. Qc4 Qf5 32. b4 e4 33. Qd4 Ne6 34. Qe3 Qd5 35. c4 Qe5 36. Qa3 f5 37. c5 Kh7 38. Qg3 Qa1 39. Qh4+ Kg6 40.
Qe7 Nd4 41. Qe8+ Kh6 42. Qh8+ Kg6 43. Qe8+ Kg5 44. Qd8+ Kh5 45.
Qh8+ Kg6 1/2-1/2

[Event "ETCC Women 2013"]
[Site "Warsaw"]
[Date "2013.11.14"]
[Round "6"]
[White "Havlikova, Kristyna"]
[Black "Yildiz, Betul Cemre"]
[Result "1/2-1/2"]
[ECO "C70"]
[WhiteElo "2237"]
[BlackElo "2291"]
[PlyCount "118"]
[EventDate "2013.??.??"]
[EventCountry "POL"]
[WhiteTeam "Czech Republic"]
[BlackTeam "Turkey"]
[WhiteTeamCountry "CZE"]
[BlackTeamCountry "TUR"]
[TimeControl "40/5400+30:1800+30"]

1. e4 e5 2. Nf3 Nc6 3. Bb5 a6 4. Ba4 Nge7 5. Bb3 d5 6. Nc3 Be6 7. Ng5 Qd7 8. d3 d4 9. Nxe6 fxe6 10. Ne2 Ng6 11. O-O Bd6 12. c3 dxc3 13.
bxc3 O-O 14. d4 exd4 15. cxd4 Kh8 16. e5 Bb4 17. Bc2 Qf7 18. Qd3 Nce7 19. Rb1 Ba5 20. Ba3 Rfd8 21. Bxe7 Qxe7 22. Nf4 Qf7 23. Nh3 Nf8 24. Rxb7 Bb6 25. Ng5 Qh5 26. Nf3 Ng6 27. Qc4 Nf4 28. Qc6 Qg4 29. g3 Nd5 30.
Bd1 Rf8 31. Kg2 Rf7 32. Qc1 Qe4 33. Qc2 Nf4+ 34. gxf4 Qxb7 35. Kh3 Rxf4 36. Ng5 g6 37. Nxe6 Rf5 38. f4 Re8 39. Ng5 Qd5 40. Bg4 Rff8 41. Qb3 Qxb3+ 42. axb3 Bxd4 43. Kg2 Be3 44. Ne6 Rf7 45. Rf3 Bb6 46. Ng5 Rfe7 47.
Rd3 Kg7 48. h4 h6 49. Ne4 Rf8 50. Kg3 Ref7 51. Nf6 Rxf6 52. exf6+ Kxf6 53. h5 Bc5 54. hxg6 Kxg6 55. Kf3 Bd6 56. Rd4 h5 57. Be6 Rb8 58. Bc4 Kf6 59. Rd5 Rh8 1/2-1/2

[Event "ETCC Women 2013"]
[Site "Warsaw"]
[Date "2013.11.14"]
[Round "6"]
[White "Heinatz, Dr. Gundula"]
[Black "Corke, Anya S"]
[Result "1/2-1/2"]
[ECO "A40"]
[WhiteElo "2169"]
[BlackElo "2276"]
[PlyCount "95"]
[EventDate "2013.??.??"]
[EventCountry "POL"]
[WhiteTeam "Switzerland"]
[BlackTeam "England"]
[WhiteTeamCountry "SUI"]
[BlackTeamCountry "ENG"]
[TimeControl "40/5400+30:1800+30"]

1. d4 e6 2. Nf3 c5 3. g3 d5 4. Bg2 Nc6 5. O-O Nf6 6. c4 h6 7. cxd5 exd5 8.
Nc3 Be7 9. a3 cxd4 10. Nxd4 O-O 11. Bf4 Bg4 12. h3 Be6 13. Rc1 Qd7 14. Kh2 Rac8 15. Be3 Rfd8 16. Qa4 a6 17. Nxe6 fxe6 18. Bb6 Rf8 19. f4 Nb8 20. Qb3 Kh8 21. Rcd1 Qc6 22. Rc1 Qd7 23. Rfd1 Bd6 24. Rd3 Nh5 25. Rf1 Qe7 26. e3 Nd7 27. Bd4 Nc5 28. Bxc5 Bxc5 29. e4 d4 30.
Ne2 e5 31. Qd5 Bd6 32. Nxd4 Rc5 33. Qb3 exd4 34. e5 Bc7 35. Rxd4 Rb5 36. Qd1 Bb6 37. Rd7 Qe8 38. b4 Qg6 39. Qg4 Qe8 40. Be4 Rxe5 41. fxe5 Rxf1 42. Rxb7 Rf2+ 43. Kh1 Qf8 44. h4 Re2 45. Bf3 Re3 46. Kg2 Bd4 47.
Qxh5 Bxe5 48. Qf7 1/2-1/2